 Dungeon Crawl Stone Soup version 0.26.0-16-gc1dbca0489 (webtiles) character file.

Game seed: 16635375018166902404

5439 trckry the Chucker (level 10, -3/83 HPs)
             Began as a Ghoul Hunter on Jan 22, 2021.
             Was a Believer of Makhleb.
             Slain by a black mamba (12 damage)
             ... on level 1 of the Lair of Beasts.
             The game lasted 00:23:31 (8401 turns).

trckry the Chucker (Ghoul Hunter)                   Turns: 8401, Time: 00:23:32

Health: -3/83      AC: 11    Str: 20    XL:     10   Next: 68%
Magic:  0/13       EV:  7    Int:  6    God:    Makhleb [**....]
Gold:   565        SH: 11    Dex:  9    Spells: 9/9 levels left

rFire    + . .     SeeInvis +   a - +3 whip (elec)
rCold    . . .     Faith    .   k - +2 kite shield
rNeg     + + +     Spirit   +   t - +0 chain mail
rPois    ∞         Reflect  .   (no helmet)
rElec    .         Harm     .   (no cloak)
rCorr    .         Rampage  .   (no gloves)
Will     .....                  A - +1 pair of boots {run}
Stlth    ..........             H - amulet of guardian spirit
HPRegen  0.00/turn              s - ring of see invisible
MPRegen  0.13/turn              v - ring of fire

@: quick
A: claws 1, cold resistance 1, negative energy resistance 3, inhibited
regeneration, torment resistance, unbreathing
a: Renounce Religion, Minor Destruction


You were on level 1 of the Lair of Beasts.
You worshipped Makhleb.
Makhleb was pleased with you.
You visited 3 branches of the dungeon, and saw 10 of its levels.
You also visited: Ossuary and Volcano.

You collected 565 gold pieces.

Inventory:

Hand Weapons
 a - a +3 whip of electrocution (weapon)
 z - a +0 flail of protection
 E - a +1 fustibalus of flaming
Missiles
 f - 4 javelins (quivered)
 o - 8 poisoned darts
Armour
 i - +0 steam dragon scales
 k - a +2 kite shield (worn)
 t - a +0 chain mail (worn)
 A - a +1 pair of boots of running (worn)
Jewellery
 s - a ring of see invisible (left claw)
 v - a ring of fire (right claw)
 C - an uncursed ring of resist corrosion
 D - an uncursed ring of willpower
 H - an amulet of guardian spirit (around neck)
Wands
 b - a wand of disintegration (19)
 n - a wand of iceblast (1)
 x - a wand of polymorph (16)
 I - a wand of digging (2)
Scrolls
 c - a scroll of enchant armour
 q - 4 scrolls of identify
 u - 3 scrolls of remove curse
 w - a scroll of fog
 y - a scroll of enchant weapon
 B - 3 scrolls of teleportation
Potions
 d - a potion of magic
 e - 3 potions of resistance
 g - 3 potions of curing
 h - 3 potions of flight
 j - 3 potions of cancellation
 l - a potion of attraction {unknown}
 m - a potion of mutation {unknown}
 p - 2 potions of brilliance


   Skills:
 + Level 5.9 Fighting
 * Level 6.4 Maces & Flails
 + Level 6.4 Throwing
 + Level 4.5 Armour
 + Level 4.9 Dodging
 - Level 1.1 Stealth
 + Level 4.5 Shields
 * Level 5.5 Invocations
 + Level 4.4 Evocations


You had 9 spell levels left.
You didn't know any spells.
Your spell library was empty.

Dungeon Overview and Level Annotations

Branches:
Dungeon (8/15)             Temple (1/1) D:6            Lair (1/6) D:8
Ossuary (visited)         Volcano (visited)

Altars:
Ashenzari
Cheibriados
Dithmenos
Elyvilon
Fedhas
Gozag
Hepliaklqana
Kikubaaqudgha
Makhleb
Nemelex Xobeh
Okawaru
Qazlal
Ru
Sif Muna
Trog
Uskayaw
Vehumet
Wu Jian
Xom
Yredelemnul
Zin
The Shining One

Shops:
D:5 *


Innate Abilities, Weirdness & Mutations

You thrive by killing the living.
You are immune to poison.
You have sharp fingernails.
Your flesh is cold resistant. (rC+)
You are immune to negative energy. (rN+++)
You do not regenerate when monsters are visible.
You are immune to unholy pain and torment.
You can survive without breathing.


Message History

The black mamba bites you!
* * * LOW HITPOINT WARNING * * *
You feel better. The black mamba bites you.
* * * LOW HITPOINT WARNING * * *
You block the black mamba's attack.
You closely miss the black mamba.
The black mamba is heavily wounded.
You block the black mamba's attack. The black mamba bites you!
* * * LOW HITPOINT WARNING * * *
You feel better. You block the black mamba's attack.
The black mamba barely misses you.
You whack the black mamba!
The black mamba is severely wounded.
The black mamba closely misses you.
You barely miss the black mamba.
The black mamba is severely wounded.
The black mamba bites you.
* * * LOW HITPOINT WARNING * * *
The black mamba bites you!
You die...

,****,*####......≈≈≈≈#
,,,,,,,..........≈≈≈≈##
,,,,*,...#.#.#.#.≈≈≈≈≈#
,,,,,,.....(....≈≈≈≈≈≈##
,,,,,*..##.#.#...≈≈≈≈≈≈#**
,,,,,,,..........≈≈≈≈≈≈≈≈**
*,,*,**.#.##.#..(..≈≈≈≈≈≈≈*
,,,****,#.#####....≈≈##≈≈≈**
,,,,,,,,........@...≈#**≈≈≈**
,,*,,**,.#P..###S...##
**≈≈≈** ,,,,,,,,....,,,.....#
*≈≈≈≈* *,*,,*,*#?#*,,.#....#
**≈≈≈** ,,,,,,,,.,,,,P......#
**≈≈≈* *,*,***,,,,,#P,#....#
*≈≈≈** ,,,,,,,,,,,,..,.....#
*≈≈≈≈* *,*,*****,,#.,,.....#
**≈≈≈** ***,,***,,***,,,,,,,*
**≈≈≈*


You could see a black mamba.

Vanquished Creatures
  A lindwurm (Volcano)
  Grinder (D:3)
  Sigmund (D:2)
  3 fire bats (Volcano)
  2 wyverns (D:8)
  2 basilisks (D:8)
  3 steam dragons (Volcano)
  Edmund (D:6)
  2 water moccasins
  A hell hound (Volcano)
  An orc warrior (D:6)
  A black bear (D:8)
  An ice beast (D:7)
  3 wolves (D:8)
  A sky beast (D:5)
  A centaur (D:5)
  4 ogres
  2 necrophages
  A big kobold (D:8)
  Blork the orc (D:6)
  A bullfrog (D:6)
  A gnoll sergeant (D:6)
  A wyvern zombie (Ossuary)
  3 scorpions
  A howler monkey (D:5)
  A centaur zombie (D:8)
  3 hounds (D:4)
  5 orc wizards
  A bullfrog skeleton (D:8)
  A gnoll shaman (D:4)
  An orc priest (D:8)
  A centaur skeleton (D:5)
  Jessica (D:2)
  2 iguanas
  6 worker ants
  2 hound zombies
  17 mummies
  2 worker ant zombies (Ossuary)
  A howler monkey zombie (Ossuary)
  9 adders
  7 gnolls
  A shadow imp (D:8)
  2 white imps
  2 ufetubi
  3 adder zombies (Ossuary)
  An adder skeleton (D:4)
  A worm (D:4)
  2 leopard geckos
  16 orcs
  4 bats
  6 giant cockroaches
  6 hobgoblins
  11 jackals
  2 quokkas
  5 ball pythons
  2 frilled lizards
  8 goblins
  A goblin zombie (D:8)
  A hobgoblin zombie (D:8)
  A jackal skeleton (D:4)
  A jackal zombie (Ossuary)
  5 kobolds
  4 leopard gecko zombies (Ossuary)
  A quokka zombie (Ossuary)
  9 rats
195 creatures vanquished.

Vanquished Creatures (others)
  A worker ant (D:6)
  A hobgoblin (D:3)
  2 fungi (D:8)
  A plant (D:8)
  8 withered plants (Ossuary)
13 creatures vanquished.

Grand Total: 208 creatures vanquished

Notes
Turn   | Place    | Note
-------+----------+-------------------------------------------
     0 | D:1      | trckry the Ghoul Hunter began the quest for the Orb.
     0 | D:1      | Reached XP level 1. HP: 17/17 MP: 0/0
   187 | D:1      | Reached XP level 2. HP: 21/24 MP: 1/1
   836 | D:2      | Noticed Sigmund
   848 | D:2      | Killed Sigmund
   849 | D:2      | Reached skill level 1 in Maces & Flails
   849 | D:2      | Reached skill level 1 in Armour
   849 | D:2      | Reached skill level 1 in Shields
   849 | D:2      | Reached skill level 1 in Invocations
   849 | D:2      | Reached skill level 1 in Evocations
   849 | D:2      | Reached XP level 3. HP: 30/30 MP: 1/3
   849 | D:2      | Reached XP level 4. HP: 37/37 MP: 1/4
   849 | D:2      | Reached XP level 5. HP: 44/44 MP: 1/5
  1357 | D:2      | Noticed Jessica
  1362 | D:2      | Killed Jessica
  1363 | D:2      | Reached XP level 6. HP: 51/51 MP: 6/6
  1508 | D:3      | Noticed Grinder
  1514 | D:3      | Killed Grinder
  1522 | D:3      | Reached XP level 7. HP: 48/57 MP: 7/7
  1842 | D:3      | Found a shadowy altar of Dithmenos.
  2235 | D:3      | Found a broken altar of Ashenzari.
  2817 | D:4      | Reached skill level 5 in Throwing
  2866 | D:4      | Reached XP level 8. HP: 45/66 MP: 8/8
  3763 | D:5      | Entered Level 5 of the Dungeon
  3847 | D:5      | Found Adycsilul's Assorted Antiques.
  4284 | D:5      | Found an ancient bone altar of Kikubaaqudgha.
  4478 | D:6      | Found a staircase to the Ecumenical Temple.
  4493 | Temple   | Entered the Ecumenical Temple
  4757 | D:6      | Found a radiant altar of Vehumet.
  5259 | D:6      | Reached XP level 9. HP: 72/72 MP: 10/10
  5284 | D:6      | Found a hazy altar of Hepliaklqana.
  5297 | D:6      | Found an opulent altar of Gozag.
  5299 | D:6      | Found a glowing silver altar of Zin.
  5299 | D:6      | Found a sacrificial altar of Ru.
  5299 | D:6      | Found a hide-covered altar of Uskayaw.
  5299 | D:6      | Found a white marble altar of Elyvilon.
  5301 | D:6      | Found a stormy altar of Qazlal.
  5303 | D:6      | Found a burning altar of Makhleb.
  5309 | D:6      | Became a worshipper of Makhleb the Destroyer
  5380 | D:6      | Noticed Edmund
  5389 | D:6      | Killed Edmund
  5625 | D:6      | Noticed Blork the orc
  5641 | D:6      | Killed Blork the orc
  5659 | D:6      | Identified a +0 pair of boots of running (You found it on
                  | level 6 of the Dungeon)
  5893 | D:7      | Found a blossoming altar of Fedhas.
  5972 | D:7      | Found a shimmering blue altar of Sif Muna.
  6112 | D:7      | Reached skill level 5 in Maces & Flails
  6459 | D:8      | Reached * piety under Makhleb
  6470 | D:8      | Reached skill level 5 in Fighting
  6515 | D:8      | Reached XP level 10. HP: 64/81 MP: 8/12
  6568 | D:8      | Found a staircase to the Lair.
  6681 | D:8      | Found a sand-covered staircase.
  6701 | Ossuary  | Entered an ossuary
  6807 | Ossuary  | Reached ** piety under Makhleb
  7688 | Lair:1   | Entered Level 1 of the Lair of Beasts
  7711 | Lair:1   | Found a dark tunnel.
  7723 | Volcano  | Entered a volcano
  7791 | Volcano  | Reached skill level 5 in Invocations
  7812 | Volcano  | Noticed a lindwurm
  7855 | Volcano  | Killed a lindwurm
  7905 | Volcano  | Noticed a fire dragon
  7921 | Volcano  | HP: 5/83 [fire dragon (6)]
  7926 | Volcano  | HP: 6/83 [fire dragon/blast of flame (17)]
  7930 | Volcano  | HP: 2/83 [fire dragon/blast of flame (4)]
  8365 | Lair:1   | Noticed a black mamba
  8392 | Lair:1   | HP: 4/83 [black mamba (10)]
  8398 | Lair:1   | HP: 5/83 [black mamba (8)]
  8401 | Lair:1   | Slain by a black mamba

Illustrated notes

Levels and vault maps discovered:
D:1:      dpeg_arrival_lava_temple_mockup, layout_basic,
          minmay_worlds_worst_comb
D:2:      layout_basic, due_unseen_surprise, uniq_sigmund, uniq_jessica
D:3:      layout_basic, lemuel_coloured_pillars_altar, grunt_dithmenos_smoke,
          uniq_grinder
D:4:      layout_basic, serial_corexii_hall, corexii_hall_statues_l,
          chequers_hall_statues_wall_a, minmay_misc_feat_diagonals
D:5:      layout_basic, serial_shops, shop, basic_altar
D:6:      layout_loops_corners, fiery_altar_vehumet, minitemple, temple_pool_b,
          st_stairs_10, uniq_duvessa, uniq_blork_the_orc, uniq_edmund
D:7:      layout_cave_pools, fedhas_altar_3, lemuel_crystal_altar,
          hangedman_decor_push, moated_statue
D:8:      layout_basic, minmay_lair_entry_grove, nicolae_ossuary_entry_giza
Temple:   compressed_dpeg_triangle_lava_temple
Lair:1:   statuecave_lemuel, layout_long_grid, enter_volcano_2, uniq_fannar

Skill      XL: |  1  2  3  4  5  6  7  8  9 10 |
---------------+-------------------------------+-----
Maces & Flails | 1 2 3 4 5 6 |  6.4
Throwing       | 4 5 6 |  6.4
Armour         | 1 2 3 4 |  4.5
Dodging        | 2 3 4 |  4.9
Shields        | 1 2 3 4 |  4.5
Invocations    | 1 2 3 4 5 |  5.5
Evocations     | 1 2 3 4 |  4.4
Fighting       | 3 4 5 |  5.9
Stealth        | |  1.1

Action                   |  1- 3 |  4- 6 |  7- 9 | 10-12 || total
-------------------------+-------+-------+-------+-------++-------
Melee: Whip              |    28 |    64 |   483 |   270 ||   845
       Flail             |       |       |       |     5 ||     5
Throw: Throwing net      |     1 |       |     2 |       ||     3
       Javelin           |       |       |     6 |       ||     6
       Dart              |       |       |     4 |       ||     4
Evoke: Wand              |       |       |       |     2 ||     2
  Use: Scroll            |     2 |     2 |    16 |     3 ||    23
       Potion            |       |       |       |     8 ||     8
Armor: Scale mail        |    13 |    21 |    54 |       ||    88
       Chain mail        |       |       |   121 |    90 ||   211
Dodge: Dodged            |    11 |    29 |   127 |    46 ||   213
Block: Kite shield       |       |    18 |   246 |   109 ||   373
       Buckler           |       |     6 |       |       ||     6
